 Dungeon Crawl Stone Soup version 0.20.0-8-g6b59dc7 (webtiles) character file.

513 Monsterracer the Cudgeler (level 7, -4/44 HPs)
             Began as a Gargoyle Chaos Knight on May 31, 2017.
             Slain by an orc priest (6 damage)
             ... on level 4 of the Dungeon.
             The game lasted 00:09:14 (2594 turns).

Monsterracer the Cudgeler (Gargoyle Chaos Knight)   Turns: 2594, Time: 00:09:15

Health: -4/44      AC: 13    Str: 19    XL:     7   Next: 19%
Magic:  7/7        EV: 12    Int: 13    God:    Xom [.....*]
Gold:   208        SH:  0    Dex: 11    Spells: 6/6 levels left

rFire    . . .     SeeInvis .   a - +0 mace (chaos)
rCold    . . .     Gourm    .   (no shield)
rNeg     + . .     Faith    .   b - +2 leather armour
rPois    ∞         Spirit   .   m - +0 helmet
rElec    +         Reflect  .   o - +0 cloak
rCorr    .         Harm     .   p - +0 pair of gloves
MR       .....                  (no boots)
Stlth    ++........             (no amulet)
Regen    0.2/turn               (no ring)
MPRegen  0.1/turn               (no ring)

@: no status effects
A: negative energy resistance 1, electricity resistance, strong 2, unbreathing,
petrification resistance, rot immunity, AC +4
a: Renounce Religion


You were on level 4 of the Dungeon.
You worshipped Xom.
You were Xom's teddy bear.
You were not hungry.

You visited 1 branch of the dungeon, and saw 4 of its levels.

You collected 208 gold pieces.

Inventory:

Hand Weapons
 a - a +0 mace of chaos (weapon)
 s - a +0 mace
Armour
 b - a +2 leather armour (worn)
 m - a +0 helmet (worn)
 o - a +0 cloak (worn)
 p - a +0 pair of gloves (worn)
Scrolls
 d - a scroll of fog {unknown}
 e - 2 scrolls of enchant armour {unknown}
 g - a scroll of immolation {unknown}
 i - a scroll of amnesia {unknown}
 j - a scroll of remove curse {unknown}
 l - 2 scrolls of identify {unknown}
 n - 2 scrolls of random uselessness {unknown}
Potions
 k - a potion of curing
 q - a potion of degeneration
Comestibles
 c - 4 bread rations
 f - 14 fruits
 h - 3 meat rations
 r - a royal jelly


   Skills:
 - Level 4.3 Fighting
 + Level 6.3 Maces & Flails
 - Level 3.1 Armour
 - Level 2.3 Dodging
 - Level 2.0 Stealth


You had 6 spell levels left.
You didn't know any spells.

Dungeon Overview and Level Annotations

Branches:
Dungeon (4/15)
 Temple: D:4-7

Altars:
Ashenzari
Dithmenos
Qazlal
Uskayaw


Innate Abilities, Weirdness & Mutations

You are resistant to torment.
Your stone body is resilient. (AC +4)
You are immune to poison.
You resist negative energy. (rN+)
You are resistant to electric shocks. (rElec)
You can survive without breathing.
You are immune to petrification.
You are immune to rotting.
Your muscles are very strong. (Str +4)


Message History

Things that are here:
a mace; a leather armour
s - a mace The orc priest barely misses you.
The orc priest closely misses you. The orc priest hits you.
* * * LOW HITPOINT WARNING * * *
The orc priest barely misses you. The orc priest barely misses you.
The orc priest refuses to make way for you. (Use ctrl+direction to attack.)
You hit the orc priest.
The orc priest flickers and vanishes!
Deactivating autopickup; reactivate with Ctrl-A.
Something hits you but does no damage.
You hit something but do no damage.
Nothing appears to happen.
Something hits you.
* * * LOW HITPOINT WARNING * * *
Something hits you but does no damage.
You miss something. Something hits you.
* * * LOW HITPOINT WARNING * * *
Something hits you.
You die...

...............# ..+....
##.............##+#.##..$.
##.............#).........
................[.........
#######........#..........
.....##........#..........
.....##........#..........
.....##........#{..###....
.........####.##@.......##
.........####.##.........#
.........................#
.........###............
..........##............
........................
........................
..##....................
#'##.....#...... ...


There were no monsters in sight!

Vanquished Creatures
  Grinder (D:3)
  A bullfrog skeleton (D:3)
  Crazy Yiuf (D:3)
  2 hounds (D:4)
  Terence (D:3)
  A worker ant (D:4)
  Robin (D:2)
  5 adders
  2 oozes
  A worm (D:4)
  2 leopard geckos
  4 orcs
  3 giant cockroaches
  14 goblins
  12 hobgoblins
  9 jackals
  3 quokkas
  A ball python (D:1)
  3 bats
  4 frilled lizards
  A jackal skeleton (D:4)
  6 kobolds
  4 rats
  A fungus (D:3)
83 creatures vanquished.

Notes
Turn   | Place    | Note
-------+----------+-------------------------------------------
     0 | D:1      | Monsterracer the Gargoyle Chaos Knight began the quest for the Orb.
     0 | D:1      | Reached XP level 1. HP: 14/14 MP: 1/1
    78 | D:1      | Reached XP level 2. HP: 19/19 MP: 2/2
   508 | D:1      | Reached XP level 3. HP: 24/24 MP: 3/3
   813 | D:2      | Found a hide-covered altar of Uskayaw.
   928 | D:2      | Gained mutation: Your muscles are strong. (Str +2) [potion of mutation]
   928 | D:2      | Gained mutation: Your muscles are very strong. (Str +4) [potion of mutation]
  1067 | D:2      | XOM: divination: detect items
  1160 | D:2      | Noticed Robin
  1165 | D:2      | XOM: confuse monster(s)
  1166 | D:2      | Reached skill level 1 in Stealth
  1175 | D:2      | Reached skill level 1 in Dodging
  1176 | D:2      | Reached XP level 4. HP: 27/29 MP: 4/4
  1192 | D:2      | Killed Robin
  1192 | D:2      | Reached skill level 4 in Maces & Flails
  1365 | D:2      | XOM: medium Chrm miscast
  1567 | D:3      | Noticed Terence
  1577 | D:3      | Killed Terence
  1577 | D:3      | Reached XP level 5. HP: 28/33 MP: 5/5
  1777 | D:3      | XOM: god gift: 3 fruits
  1888 | D:3      | Found a shattered altar of Ashenzari.
  1891 | D:3      | Found a stormy altar of Qazlal.
  1894 | D:3      | Found a shadowy altar of Dithmenos.
  1954 | D:3      | Noticed Grinder
  1964 | D:3      | XOM: noise
  1969 | D:3      | Killed Grinder
  1969 | D:3      | Reached skill level 5 in Maces & Flails
  1969 | D:3      | Reached XP level 6. HP: 23/39 MP: 6/6
  2175 | D:3      | Found a runed door.
  2179 | D:3      | Noticed Crazy Yiuf
  2185 | D:3      | Killed Crazy Yiuf
  2261 | D:4      | Reached XP level 7. HP: 44/44 MP: 7/7
  2277 | D:4      | Reached skill level 6 in Maces & Flails
  2356 | D:4      | XOM: 1-stop teleportation journey
  2554 | D:4      | XOM: smoke on damage
  2576 | D:4      | XOM: cast spell 'Discord'
  2594 | D:4      | HP: 2/44 [something (3)]
  2594 | D:4      | Slain by an orc priest

Skill      XL: |  1  2  3  4  5  6  7 |
---------------+----------------------+-----
Stealth        | 1 2 |  2.0
Dodging        | 1 2 |  2.3
Fighting       | 4 |  4.3
Maces & Flails | 4 5 6 |  6.3
Armour         | 3 |  3.1

Action                   |  1- 3 |  4- 6 |  7- 9 || total
-------------------------+-------+-------+-------++-------
Melee: Mace              |   101 |   120 |    68 ||   289
  Use: Potion            |     3 |     5 |       ||     8
 Stab: Confused          |     3 |       |       ||     3
       Sleeping          |       |     1 |       ||     1
       Paralysed         |       |     3 |     1 ||     4
       Petrified         |       |       |     5 ||     5
       Petrifying        |       |       |     1 ||     1
  Eat: Chunk             |     1 |     4 |     1 ||     6
Armor: Leather armour    |    49 |    55 |    33 ||   137
Dodge: Dodged            |    58 |    93 |    52 ||   203
